 Dungeon Crawl Stone Soup version 0.24.0-123-gd5b16e6ec5 (webtiles) character file.

Game seed: 11740830663489499278, levelgen mode: deterministic

2272 Caleiyous the Basher (level 9, 0/52 HPs)
             Began as a Gargoyle Fighter on Jan 5, 2020.
             Was a Believer of Okawaru.
             Slain by an orc warrior
             ... wielding a +0 bardiche
              (17 damage)
             ... in a bailey.
             The game lasted 00:21:33 (6842 turns).

Caleiyous the Basher (Gargoyle Fighter)             Turns: 6842, Time: 00:21:33

Health: 0/52       AC: 14    Str: 24    XL:     9   Next: 38%
Magic:  11/11      EV:  8    Int:  8    God:    Okawaru [**....]
Gold:   526        SH:  9    Dex:  9    Spells: 8/8 levels left

rFire    . . .     SeeInvis .   t - +0 whip (venom)
rCold    + + .     Gourm    +   c - +0 shield
rNeg     + . .     Faith    .   o - +2 ring mail {rC+}
rPois    ∞         Spirit   .   (no helmet)
rElec    +         Reflect  .   (no cloak)
rCorr    .         Harm     .   (no gloves)
MR       +....                  (no boots)
Stlth    ..........             i - amulet of the gourmand
HPRegen  0.17/turn              I - ring of protection from cold
MPRegen  0.12/turn              z - ring of protection from magic

@: no status effects
A: negative energy resistance 1, electricity resistance, unbreathing,
petrification resistance, rot immunity, AC +6
a: Heroism, Renounce Religion


You were in a bailey.
You worshipped Okawaru.
Okawaru was pleased with you.
You were completely stuffed.

You visited 2 branches of the dungeon, and saw 8 of its levels.
You also visited: Bailey.

You collected 526 gold pieces.

Inventory:

Hand Weapons
 k - the +9 rapier of Resourcefulness {flame, Str+3, unknown}
   (You found it on level 7 of the Dungeon)

   It has been specially enchanted to burn those struck by it, causing extra
   injury to most foes and up to half again as much damage against particularly
   susceptible opponents.
   It affects your strength (+3).
 l - a +0 mace
 t - a +0 whip of venom (weapon)
Missiles
 A - 2 javelins
 B - 7 poisoned darts (quivered)
Armour
 b - a +0 scale mail
 c - a +0 shield (worn)
 o - a +2 ring mail of cold resistance (worn)
 u - a +1 cloak
 v - a +0 plate armour
Magical Staves
 w - an uncursed staff of death
Jewellery
 h - an uncursed ring of protection from cold
 i - an amulet of the gourmand (around neck)
 y - an uncursed ring of protection from fire
 z - a ring of protection from magic (right hand)
 I - a ring of protection from cold (left hand)
Wands
 x - a wand of polymorph (5)
 H - a wand of enslavement (7)
Scrolls
 a - 3 scrolls of teleportation
 g - a scroll of remove curse
 n - 4 scrolls of identify
 p - 2 scrolls of magic mapping {unknown}
 q - a scroll of amnesia
 D - 2 scrolls of blinking
Potions
 d - 2 potions of might
 e - a potion of resistance
 m - a potion of invisibility
 r - 3 potions of curing
 s - 2 potions of heal wounds
 F - a potion of lignification
 G - a potion of cancellation
Miscellaneous
 C - a fan of gales
Comestibles
 f - 13 rations
 j - 9 chunks of flesh


   Skills:
 + Level 4.3 Fighting
 * Level 11.0 Maces & Flails
 + Level 4.3 Armour
 + Level 4.3 Shields
 + Level 2.7 Invocations


You had 8 spell levels left.
You didn't know any spells.
Your spell library contained the following spells:

 Spells                   Type           Power        Failure   Level  Hunger
 Freeze                   Ice            #...         95%         1    ##.....
 Throw Frost              Conj/Ice       #.....       98%         2    ###....
 Ozocubu's Armour         Chrm/Ice       #.......     100%        3    ####...
 Summon Ice Beast         Ice/Summ       #.......     100%        4    #####..
 Throw Icicle             Conj/Ice       #.......     100%        4    #####..


Dungeon Overview and Level Annotations

Branches:
Dungeon (7/15)             Temple (1/1) D:4          Bailey (1/1)

Altars:
Ashenzari
Cheibriados
Dithmenos
Elyvilon
Fedhas
Gozag
Hepliaklqana
Kikubaaqudgha
Nemelex Xobeh
Okawaru
Qazlal
Ru
Sif Muna
Trog
Uskayaw
Vehumet
Wu Jian
Xom
The Shining One


Innate Abilities, Weirdness & Mutations

You are resistant to torment.
Your stone body is resilient. (AC +6)
You are immune to poison.
You resist negative energy. (rN+)
You are resistant to electric shocks. (rElec)
You can survive without breathing.
You are immune to petrification.
You are immune to rotting.


Message History

You hit the orc warrior.
The orc warrior looks as sick as possible!
The orc warrior is lightly wounded.
The orc warrior barely misses you. You block the orc warrior's attack.
You barely miss the orc warrior.
The orc warrior is lightly wounded.
The orc warrior hits you from afar with a +0 trident!
You miss the orc warrior.
The orc warrior is lightly wounded.
You block the orc warrior's attack.
You whack the orc warrior!
The orc warrior looks as sick as possible!
The orc warrior is heavily wounded.
The orc warrior hits you from afar with a +0 trident.
You hit the orc warrior.
The orc warrior looks as sick as possible!
The orc warrior is severely wounded.
An orc comes into view. It is wielding a +0 trident.
The orc warrior hits you from afar with a +0 bardiche!
You die...

#≈≈..≈≈.≈≈≈...≈≈≈.≈.≈≈.#
#≈≈⌠..≈≈..≈≈≈≈≈..≈≈.≈.##
##≈≈...≈≈≈.....≈≈≈.≈≈.#
##≈≈....≈≈≈≈≈≈≈..≈≈..#
##≈..≈≈.......≈≈≈.⌠.#
#≈...≈≈≈≈≈≈≈≈≈....## o
#≈............#####...
####'##########⌠o.....
#......).....@)oo.....
##...................#
##≈≈≈≈≈≈≈≈≈≈≈≈≈≈≈≈≈##
###################


You could see 3 orc warriors.

Vanquished Creatures
  Prince Ribbit (D:7)
  Grinder (D:6)
  Sigmund (D:3)
  A water moccasin (D:7)
  A black bear (D:6)
  A phantom (D:7)
  An ogre (D:6)
  3 centaurs
  A big kobold (D:7)
  2 bullfrogs
  A killer bee (D:7)
  The ghost of Harunobu the Skirmisher, a weakling GrFi (D:3)
  2 crimson imps
  A centaur zombie (D:6)
  2 hounds (D:6)
  6 orc priests
  An iguana (D:4)
  6 worker ants
  A hound skeleton (D:6)
  A howler monkey skeleton (D:5)
  A worker ant zombie (D:2)
  3 gnolls (D:6)
  8 adders
  A shadow imp (D:5)
  An ooze (D:4)
  An adder skeleton (D:5)
  8 worms
  A dart slug (D:4)
  6 leopard geckos
  35 orcs
  2 ball pythons (D:2)
  3 bats
  2 giant cockroaches (D:2)
  6 goblins
  5 hobgoblins
  8 jackals
  5 quokkas
  6 frilled lizards
  A jackal skeleton (D:4)
  3 kobolds
  A quokka zombie (D:5)
  7 rats
149 creatures vanquished.

Notes
Turn   | Place    | Note
-------+----------+-------------------------------------------
     0 | D:1      | Caleiyous the Gargoyle Fighter began the quest for the Orb.
     0 | D:1      | Reached XP level 1. HP: 14/14 MP: 1/1
   135 | D:1      | You fall into a shaft and drop 1 floor!
   140 | D:2      | Reached skill level 3 in Maces & Flails
   140 | D:2      | Reached XP level 2. HP: 19/19 MP: 2/2
   176 | D:2      | Reached XP level 3. HP: 22/23 MP: 3/3
   204 | D:2      | Found a shattered altar of Ashenzari.
   344 | D:2      | Reached skill level 4 in Maces & Flails
   370 | D:2      | Reached XP level 4. HP: 19/28 MP: 4/4
  1203 | D:2      | Found a radiant altar of Vehumet.
  1697 | D:3      | Found a runed translucent door.
  1701 | D:3      | Noticed Harunobu's ghost (weakling GrFi)
  1765 | D:3      | Reached skill level 5 in Maces & Flails
  1789 | D:3      | Reached XP level 5. HP: 32/32 MP: 5/5
  2244 | D:3      | Noticed Sigmund
  2262 | D:3      | Killed Sigmund
  2262 | D:3      | Reached skill level 6 in Maces & Flails
  2262 | D:3      | Reached XP level 6. HP: 31/37 MP: 6/6
  2583 | D:3      | Killed Harunobu's ghost
  2583 | D:3      | Reached skill level 7 in Maces & Flails
  2785 | D:4      | Reached XP level 7. HP: 34/41 MP: 7/7
  2946 | D:4      | Found a staircase to the Ecumenical Temple.
  3010 | Temple   | Entered the Ecumenical Temple
  3271 | Temple   | Became a worshipper of Warmaster Okawaru
  3574 | D:4      | Found a glowing golden altar of the Shining One.
  3629 | D:4      | Reached skill level 8 in Maces & Flails
  3774 | D:4      | You fall into a shaft and drop 2 floors!
  3995 | D:5      | Entered Level 5 of the Dungeon
  4244 | D:5      | Reached skill level 9 in Maces & Flails
  4244 | D:5      | Reached XP level 8. HP: 30/46 MP: 8/8
  4317 | D:5      | Reached * piety under Okawaru
  5402 | D:6      | Noticed Grinder
  5417 | D:6      | Killed Grinder
  5417 | D:6      | Reached skill level 10 in Maces & Flails
  5622 | D:6      | Found an ancient bone altar of Kikubaaqudgha.
  5622 | D:6      | Found a shadowy altar of Dithmenos.
  5831 | D:7      | Reached skill level 1 in Invocations
  5858 | D:7      | Reached ** piety under Okawaru
  5858 | D:7      | Reached XP level 9. HP: 47/52 MP: 8/10
  5938 | D:7      | Got a brightly glowing rapier
  5981 | D:7      | Noticed Prince Ribbit
  6027 | D:7      | Killed Prince Ribbit
  6279 | D:7      | Found a flagged portal.
  6292 | Bailey   | Entered a bailey
  6334 | Bailey   | Reached skill level 11 in Maces & Flails
  6842 | Bailey   | Slain by an orc warrior

Levels and vault maps discovered:
D:1:      roderic_dead_forest, layout_basic, minmay_pentomino_s4
D:2:      layout_loops_ring, marbit_many_paths, ashenzari_conservatory_becter
D:3:      layout_loops_corners, ebering_ghost_reflecting_pool,
          guppyfry_early_orc_mine, uniq_sigmund
D:4:      layout_loops_cross, kennysheep_little_box, temple_pool_b, first_ration
D:5:      layout_loops_ring, minmay_chambers_of_fives
D:6:      layout_loops_ring, gammafunk_temple_overflow_elements, uniq_grinder
D:7:      layout_cave_pods, zin_statuary, enter_bailey_3,
          minmay_fractal_squares_5, uniq_harold, uniq_prince_ribbit1
Temple:   dpeg_chambers_temple
Bailey:   bailey_polearm_flooded_kennysheep, bailey

Skill      XL: |  1  2  3  4  5  6  7  8  9 |
---------------+----------------------------+-----
Maces & Flails | 3 4 5 6 7 9 10 11 | 11.0
Invocations    | 1 2 |  2.7
Fighting       | 4 |  4.3
Shields        | 4 |  4.3
Armour         | 4 |  4.3

Action                   |  1- 3 |  4- 6 |  7- 9 || total
-------------------------+-------+-------+-------++-------
Melee: Flail             |    62 |       |       ||    62
       Mace              |       |    99 |       ||    99
       Dagger            |       |     7 |       ||     7
       Whip              |       |   107 |   474 ||   581
Throw: Dart              |       |       |    17 ||    17
       Javelin           |       |       |     3 ||     3
  Use: Scroll            |       |     1 |    15 ||    16
  Eat: Chunk             |       |     6 |    19 ||    25
       Ration            |       |       |     1 ||     1
Armor: Scale mail        |    43 |    44 |       ||    87
       Plate armour      |       |    31 |    29 ||    60
       Ring mail         |       |       |   149 ||   149
Dodge: Dodged            |    24 |    38 |   104 ||   166
Block: Shield            |    32 |    75 |   196 ||   303
